 Dungeon Crawl Stone Soup version 0.32-a0-900-g30fb1b0edc (webtiles) character file.

Game seed: 5349059535643746913

907 snarfax the Sneak (level 8, 0/55 HPs)
             Began as an Octopode Berserker on Apr 5, 2024.
             Was an Elder of Trog.
             Slain by an orc wizard
             ... wielding a +2 dagger of electrocution
              (17 damage)
             ... on level 4 of the Dungeon.
             The game lasted 00:07:50 (3932 turns).

snarfax the Sneak (Octopode Berserker)              Turns: 3932, Time: 00:07:51

Health: 0/55       AC:  1    Str: 18    XL:     8   Next: 8%
Magic:  8/8        EV: 13    Int: 10    God:    Trog [****..]
Gold:   119        SH:  0    Dex: 11    Spells: 7/7 levels left

rFire   . . .        l - +0 war axe
rCold   . . .        (no shield)
rNeg    . . .        (helmet restricted)
rPois   .            (no amulet)
rElec   .            (no ring)
rCorr   .            (no ring)
SInv    .            (no ring)
Will    .....        (no ring)
Stlth   ++++         (no ring)
HPRegen 0.29/turn    (no ring)
MPRegen 0.11/turn    (no ring)
                     (no ring)

%: no passive effects
@: no status effects
A: almost no armour, amphibious, 8 rings, camouflage 1, gelatinous body 1,
(nimble swimmer 1), tentacles
a: Renounce Religion, Berserk, Trog's Hand, Brothers in Arms


You were on level 4 of the Dungeon.
You worshipped Trog.
Trog was greatly pleased with you.
You visited 1 branch of the dungeon, and saw 4 of its levels.
You also visited: Sewer.

You collected 239 gold pieces.
You spent 120 gold pieces at shops.

Inventory:

Hand Weapons
 l - a +0 war axe (weapon)
Missiles
 e - 3 atropa-tipped darts (quivered)
Jewellery
 b - a ring of fire
 n - a ring of fire
Scrolls
 a - a scroll of revelation {unknown}
 c - a scroll of butterflies
 d - a scroll of poison
 f - a scroll of blinking
Potions
 g - a potion of haste
 h - a potion of lignification
 i - a potion of curing
 j - a potion of might
 k - a potion of heal wounds
 m - 2 potions of enlightenment {unknown}


   Skills:
 + Level 5.3 Fighting
 + Level 5.3 Axes
 + Level 5.3 Dodging
 + Level 6.1 Stealth


You had 7 spell levels left.
You didn't know any spells.
Your spell library was empty.

Dungeon Overview and Level Annotations

Branches:
Dungeon (4/15)              Sewer (visited)
 Temple: D:4-7

Altars:
Dithmenos
Nemelex Xobeh
Sif Muna
Trog

Shops:
D:3 !

Annotations:
D:4 3 runed translucent doors, Doorstop00's ghost, amateur MiBe; Posi's ghost, amateur KoHu


Innate Abilities, Weirdness & Mutations

You cannot wear most types of armour.
You are amphibious.
You can wear up to eight rings at the same time.
Your skin changes colour to match your surroundings (Stealth+).
Your rubbery body absorbs attacks. (AC +1, EV +1)
((You are camouflaged when in or above water. (Stealth+)))
You have tentacles for arms and can constrict up to eight enemies at once.


Message History

Trog accepts your kill.
You barely miss something. Something completely misses you.
You closely miss the orc. Your grab misses the orc. You squeeze the orc.
The orc is moderately wounded.
You miss something. Something hits you. The orc misses you.
Something barely misses you. The iguana misses you. The orc barely misses you.
You slash the orc!
You kill the orc!
Trog accepts your kill.
You miss something. You barely miss the iguana. Something hits you.
The iguana bites you. The iguana closely misses you.
You barely miss the iguana. Your grab misses the iguana.
The iguana closely misses you.
You hit the iguana but do no damage. You grab the iguana.
You constrict the iguana. The iguana misses you.
You hit the iguana but do no damage.
The iguana is moderately wounded.
You constrict the iguana. The iguana closely misses you.
You slash the iguana!
The iguana is almost dead.
You constrict the iguana.
You kill the iguana!
Trog accepts your kill.
You miss something.
You hear some strange, mumbled words.
You are confused.
You closely miss something. Your squeeze misses something. Something hits you.
You bump into the rock wall.
Something hits you.
You completely miss something.
You hear some strange, mumbled words.
Something tries to affect you, but you resist.
You bump into the rock wall.
Something hits you.
You barely miss something.
You feel less confused. Something hits you.
You are electrocuted!
You hear some strange, mumbled words.
Something tries to affect you, but you resist.
You miss something. Something hits you.
You are electrocuted!
You die...

.## #..# ####
#..# #.
..†#########..#
..
#..............
.#
#..#########..#
##.## #..#
#..######.$.##
#..#
#.)..........####
...#
#.######.).(....
...# #...@.....#
..[# #./########
##.# #..# ...#
#..# #########
#..# ##...## #..#
# #.....# #..#
####.....####..#
...............#


There were no monsters in sight!

Vanquished Creatures
  Sigmund (D:2)
  A black bear (D:4)
  2 bullfrogs (Sewer)
  2 scorpions (D:4)
  A bombardier beetle (D:3)
  A hound (D:3)
  Jessica (D:3)
  An iguana (D:4)
  Robin (D:3)
  8 gnolls
  6 adders
  A white imp (D:3)
  8 dart slugs
  3 orcs
  8 bats
  8 endoplasms
  18 giant cockroaches
  9 goblins
  12 hobgoblins
  10 jackals
  3 quokkas
  9 ball pythons
  10 frilled lizards
  11 kobolds
  3 rats (D:2)
138 creatures vanquished.

Notes
Turn   | Place    | Note
-------+----------+-------------------------------------------
     0 | D:1      | snarfax the Octopode Berserker began the quest for the Orb.
     0 | D:1      | Reached XP level 1. HP: 16/16 MP: 1/1
    99 | D:1      | Reached XP level 2. HP: 20/21 MP: 2/2
   209 | D:1      | Reached skill level 1 in Stealth
   611 | D:1      | Reached XP level 3. HP: 26/26 MP: 3/3
  1061 | D:2      | Reached skill level 2 in Stealth
  1065 | D:2      | Reached ** piety under Trog
  1372 | D:2      | Noticed Sigmund
  1390 | D:2      | Killed Sigmund
  1391 | D:2      | Reached skill level 3 in Stealth
  1391 | D:2      | Reached XP level 4. HP: 11/33 MP: 4/4
  1391 | D:2      | Reached XP level 5. HP: 13/37 MP: 5/5
  1767 | D:3      | Found a glowing drain.
  1769 | D:3      | Noticed Jessica
  1775 | D:3      | Killed Jessica
  1776 | D:3      | Reached XP level 6. HP: 39/43 MP: 6/6
  1804 | Sewer    | Entered a sewer
  1873 | Sewer    | Reached skill level 4 in Stealth
  1967 | Sewer    | Reached *** piety under Trog
  1970 | Sewer    | Reached XP level 7. HP: 31/49 MP: 7/7
  2084 | Sewer    | Identified the staff of Indomitability {rPois rF- Dex-4
                  | Stlth+ Hexes Alchemy}
  2269 | D:3      | Found Unogeke's Distillery.
  2277 | D:3      | Bought a potion of curing for 30 gold pieces
  2277 | D:3      | Bought a potion of might for 40 gold pieces
  2277 | D:3      | Bought a potion of heal wounds for 50 gold pieces
  2493 | D:3      | Found a shimmering blue altar of Sif Muna.
  2500 | D:3      | Reached skill level 5 in Stealth
  2577 | D:3      | Found a bloodstained altar of Trog.
  2851 | D:3      | Noticed Robin
  2866 | D:3      | Killed Robin
  2894 | D:3      | Found a shadowy altar of Dithmenos.
  3333 | D:4      | Reached **** piety under Trog
  3334 | D:4      | Reached skill level 5 in Axes
  3338 | D:4      | Reached skill level 5 in Fighting
  3338 | D:4      | Reached skill level 5 in Dodging
  3616 | D:4      | Found a runed translucent gate.
  3617 | D:4      | Found a runed translucent gate.
  3617 | D:4      | Found a runed translucent gate.
  3622 | D:4      | Noticed Doorstop00's ghost (amateur MiBe)
  3622 | D:4      | Noticed Posi's ghost (amateur KoHu)
  3769 | D:4      | Found a sparkling altar of Nemelex Xobeh.
  3827 | D:4      | Reached skill level 6 in Stealth
  3827 | D:4      | Reached XP level 8. HP: 42/55 MP: 8/8
  3932 | D:4      | Slain by an orc wizard

Illustrated notes

Levels and vault maps discovered:
D:1:      eino_arrival_tree_alley, layout_basic
D:2:      layout_loops_ring, kennysheep_decorative_pillar, nrook_loot_triangle,
          uniq_sigmund
D:3:      layout_basic, nzn_overflow_gifts_of_might_and_magic,
          mainiacjoe_overflow_alcove_1, gup_sewer_entry_glass, serial_shops,
          nicolae_shop_just_a_little_nook, grunt_ministairs_7, uniq_robin,
          uniq_jessica
D:4:      layout_loops_ring, nemelex_xobeh_ov_fountains_minmay,
          gammafunk_ghost_cemetery

Skill      XL: |  1  2  3  4  5  6  7 |
---------------+----------------------+-----
Stealth        | 1 3 4 6 |  6.1
Fighting       | 4 5 |  5.3
Axes           | 4 5 |  5.3
Dodging        | 4 5 |  5.3

Action                     |  1- 3 |  4- 6 |  7- 9 || total
---------------------------+-------+-------+-------++-------
  Melee: Hand axe          |    89 |    52 |    75 ||   216
         Constrict         |    25 |    16 |    31 ||    72
         Tentacles         |    18 |    10 |    23 ||    51
         War axe           |       |       |    34 ||    34
 Invoke: Berserk           |     2 |       |     4 ||     6
    Use: Scroll            |     1 |     1 |     4 ||     6
         Potion            |       |       |     1 ||     1
   Stab: Sleeping          |    10 |     9 |     8 ||    27
         Distracted        |       |     1 |       ||     1
 Armour: Skin              |    37 |    19 |    70 ||   126
  Dodge: Dodged            |    52 |    34 |    79 ||   165

Table legend: (Time is in decaauts)
 A = Elapsed time spent in this place.
 B = Non-inter-level travel time spent in this place.
 C = Inter-level travel time spent in this place.
 D = Time resting spent in this place.
 E = Time spent auto-exploring this place.
 F = Levels seen in this place.
 G = Mean time per level.
                   A        B        C        D        E       F      G
               +--------+--------+--------+--------+--------+-----+--------+
         Total |   4015 |   3852 |    163 |    462 |   2586 |   5 |  803.0 |
       Dungeon |   3671 |   3508 |    163 |    422 |   2458 |   4 |  917.8 |
         Sewer |    344 |    344 |      0 |     40 |    128 |   1 |  344.0 |
               +--------+--------+--------+--------+--------+-----+--------+

Top non-repeatable levels by time:
     D:3: 1197 daAuts
     D:1: 968 daAuts
     D:2: 816 daAuts
     D:4: 689 daAuts
   Sewer: 344 daAuts
